General information
- name: BNet
- type: Ladder 1vs1/FFA
- host: Battle.net
- saver: erz
map: LostTemple
- players: 2
- length: 63:08
- speed: Fast
- version: 1.24 W3XP
- replay type: Public
» download(267 KB)
Players
team 1 (loser)
going2thetop (
pink | 169 APM | 10656 actions | 63:07)
8 Death Knight
3 Death Coil
3 Unholy Aura
2 Death Pact
7 Lich
3 Frost Nova
3 Dark Ritual
1 Death and Decay
» actions
| Assign group hotkey | 381 | |
| Basic commands | 558 | |
| Build / train | 124 | |
| ESC pressed | 7 | |
| Enter build submenu | 36 | |
| Enter hero's abilities submenu | 15 | |
| Give item / drop item | 8 | |
| Right click | 4847 | |
| Select / deselect | 1222 | |
| Select group hotkey | 3141 | |
| Use ability | 317 | |
10656 total
» units
| Acolyte | 33 | |
| Ghoul | 11 | |
| Crypt Fiend | 7 | |
| Obsidian Statue | 4 | |
| Meatwagon | 2 | |
| Goblin Shredder | 2 | |
59 total
» upgrades
» buildings
| Altar of Darkness | 2 | |
| Ziggurat | 12 | |
| Crypt | 1 | |
| Tomb of Relics | 1 | |
| Graveyard | 1 | |
| Nerubian Tower | 2 | |
| Halls of the Dead | 1 | |
| Spirit Tower | 3 | |
| Slaughterhouse | 3 | |
| Black Citadel | 1 | |
| Temple of the Damned | 2 | |
| Sacrificial Pit | 1 | |
| Necropolis | 3 | |
33 total
» build order
00:06 Altar of Darkness
00:08 Ziggurat
00:09 Altar of Darkness
00:34 Crypt
00:59 Tomb of Relics
01:19 Ziggurat
01:59 Graveyard
03:11 Nerubian Tower
03:43 Halls of the Dead
07:11 Spirit Tower
10:00 Ziggurat
11:05 Slaughterhouse
12:06 Slaughterhouse
12:53 Ziggurat
12:54 Nerubian Tower
13:21 Ziggurat
13:52 Black Citadel
15:06 Ziggurat
15:13 Temple of the Damned
15:14 Temple of the Damned
17:02 Sacrificial Pit
19:13 Slaughterhouse
20:24 Ziggurat
20:25 Ziggurat
20:59 Spirit Tower
21:10 Necropolis
23:03 Ziggurat
23:03 Ziggurat
25:39 Necropolis
26:17 Spirit Tower
28:41 Ziggurat
28:42 Ziggurat
43:26 Necropolis
» items
| Rod of Necromancy | 4 | |
| Potion of Healing | 2 | |
| Sacrificial Skull | 2 | |
| Potion of Mana | 3 | |
| Scroll of Town Portal | 3 | |
| Orb of Corruption | 1 | |
| Staff of Teleportation | 2 | |
17 total
team 2 (winner)
erz (
blue | 121 APM | 7649 actions | 63:08)
8 Archmage
3 Summon Water Elemental
3 Brilliance Aura
1 Blizzard
1 Mass Teleport
3 Mountain King
2 Storm Bolt
1 Bash
3 Paladin
2 Holy Light
1 Divine Shield
» actions
| Assign group hotkey | 1863 | |
| Basic commands | 265 | |
| Build / train | 219 | |
| ESC pressed | 14 | |
| Enter build submenu | 81 | |
| Enter hero's abilities submenu | 14 | |
| Give item / drop item | 8 | |
| Right click | 2198 | |
| Select / deselect | 939 | |
| Select group hotkey | 1515 | |
| Use ability | 533 | |
7649 total
» units
| Peasant | 70 | |
| Footman | 25 | |
| Goblin Shredder | 1 | |
| Siege Engine | 6 | |
| Sorceress | 1 | |
103 total
» upgrades
| Masonry | 3 | |
| Defend | 1 | |
| Gunpowder | 3 | |
| Lumber Harvesting | 1 | |
| Plating | 1 | |
| Magic Sentry | 1 | |
| Sorceress Training | 1 | |
11 total
» buildings
| Altar of Kings | 2 | |
| Barracks | 1 | |
| Farm | 16 | |
| Lumber Mill | 2 | |
| Scout Tower | 76 | |
| Guard Tower | 26 | |
| Town Hall | 3 | |
| Arcane Tower | 7 | |
| Arcane Vault | 3 | |
| Keep | 2 | |
| Blacksmith | 1 | |
| Castle | 2 | |
| Workshop | 10 | |
| Arcane Sanctum | 1 | |
152 total
» build order
00:09 Altar of Kings
00:21 Barracks
00:34 Farm
01:04 Farm
01:27 Lumber Mill
01:40 Farm
02:08 Farm
03:50 Farm
04:12 Scout Tower
04:26 Guard Tower
05:27 Farm
05:47 Farm
06:09 Town Hall
07:21 Scout Tower
07:21 Scout Tower
08:11 Guard Tower
08:23 Scout Tower
08:37 Scout Tower
08:38 Scout Tower
08:57 Scout Tower
08:58 Scout Tower
08:58 Scout Tower
09:00 Guard Tower
09:23 Farm
09:23 Farm
09:26 Arcane Tower
09:48 Guard Tower
10:29 Guard Tower
10:32 Scout Tower
10:33 Scout Tower
11:02 Arcane Vault
11:18 Lumber Mill
11:45 Guard Tower
12:45 Scout Tower
12:45 Scout Tower
12:46 Scout Tower
12:47 Scout Tower
12:47 Scout Tower
12:50 Town Hall
13:20 Scout Tower
13:21 Scout Tower
13:21 Scout Tower
13:22 Scout Tower
13:22 Scout Tower
13:22 Scout Tower
13:23 Scout Tower
13:23 Scout Tower
13:23 Scout Tower
13:41 Arcane Tower
14:35 Guard Tower
14:43 Guard Tower
14:43 Guard Tower
15:12 Guard Tower
15:13 Scout Tower
15:14 Scout Tower
15:15 Scout Tower
15:16 Scout Tower
15:16 Scout Tower
15:17 Scout Tower
15:18 Scout Tower
15:18 Scout Tower
15:19 Scout Tower
15:19 Scout Tower
15:19 Scout Tower
15:19 Scout Tower
15:53 Guard Tower
16:13 Guard Tower
16:34 Scout Tower
16:35 Scout Tower
16:35 Scout Tower
16:35 Scout Tower
16:36 Scout Tower
16:36 Scout Tower
16:36 Scout Tower
16:37 Scout Tower
16:45 Guard Tower
16:46 Guard Tower
16:47 Guard Tower
17:16 Guard Tower
17:59 Arcane Tower
18:11 Keep
18:33 Blacksmith
18:35 Guard Tower
18:59 Guard Tower
19:07 Guard Tower
19:45 Scout Tower
19:45 Scout Tower
19:45 Scout Tower
19:46 Scout Tower
20:30 Guard Tower
21:15 Castle
21:38 Scout Tower
21:39 Scout Tower
21:39 Scout Tower
21:40 Scout Tower
21:40 Scout Tower
21:41 Scout Tower
22:09 Guard Tower
22:43 Guard Tower
22:46 Arcane Vault
22:59 Workshop
22:59 Workshop
22:59 Workshop
23:01 Workshop
23:02 Workshop
23:31 Farm
23:32 Farm
23:32 Farm
23:32 Farm
23:32 Farm
26:26 Workshop
26:26 Workshop
26:27 Workshop
26:27 Workshop
26:27 Workshop
28:39 Farm
36:20 Arcane Vault
48:47 Town Hall
54:10 Altar of Kings
55:35 Keep
56:22 Scout Tower
56:23 Scout Tower
56:23 Scout Tower
56:24 Scout Tower
56:25 Scout Tower
56:25 Scout Tower
56:43 Scout Tower
56:44 Scout Tower
56:46 Scout Tower
56:47 Scout Tower
56:57 Arcane Tower
57:00 Arcane Tower
57:25 Arcane Tower
57:27 Guard Tower
57:42 Guard Tower
58:18 Arcane Sanctum
58:20 Guard Tower
58:42 Castle
58:48 Farm
» items
| Scroll of Regeneration | 3 | |
| Lesser Clarity Potion | 5 | |
| Tome of Retraining | 2 | |
| Scroll of Town Portal | 5 | |
| Scroll of Healing | 2 | |
| Potion of Lesser Invulnerability | 5 | |
| Potion of Invisibility | 2 | |
| Staff of Teleportation | 3 | |
| Potion of Healing | 3 | |
| Staff of Sanctuary | 1 | |
| Boots of Speed | 2 | |
| Dust of Appearance | 1 | |
34 total
Chat log
(00:17 / All) going2thetop: gg
(00:22 / All) erz: gg
(12:58 / All) going2thetop: lol
(13:01 / All) going2thetop: deselected :(/
(61:45 / All) going2thetop: fuck man
(61:48 / All) going2thetop: how much gold do u have
(61:53 / All) erz: 1400
(62:36 / All) going2thetop: lool
(62:39 / All) going2thetop: do u have expo?
(62:42 / All) erz: yeah
(62:43 / All) going2thetop: gg
(62:46 / All) going2thetop: where?
(62:59 / All) erz: north of your base
(63:04 / All) going2thetop: god
(63:04 / All) going2thetop: gg